[Event "*** Titled Tuesday 3|2 Blitz"]
[Site "Chess.com"]
[Date "2016.10.04"]
[Round "6"]
[White "pastouche06"]
[Black "stefanodinn"]
[Result "0-1"]
[WhiteElo "2333"]
[BlackElo "2233"]
[TimeControl "180+2"]
[EndTime "12:11:49 PDT"]
[Termination "stefanodinn won by resignation"]

1. d4 Nf6 2. c4 c5 3. d5 g6 4. Nc3 Bg7 5. e4 O-O 6. Nge2 e6 7. Ng3 exd5 8. cxd5 d6 9. Be2 b6 10. O-O Ba6 11. Re1 Bxe2 12. Rxe2 Na6 13. h3 Nc7 14. Bf4 b5 15. Nf1 Re8 16. f3 b4 17. Nb1 Nh5 18.
Bh2 g5 19. Ne3 Nf4 20. Bxf4 gxf4 21. Nf5 Be5 22. a3 Qf6 23. axb4 cxb4 24. Ra2 Nb5 25.
Nd2 Nd4 26. Nxd4 Bxd4+ 27. Kh1 a5 28. b3 Rec8 29. Nc4 a4 30. Rxa4 Rxa4 31. bxa4 Rxc4 0-1

[Event "*** Titled Tuesday 3|2 Blitz"]
[Site "Chess.com"]
[Date "2016.10.04"]
[Round "6"]
[White "AndrewMcStone"]
[Black "Grootneus"]
[Result "1-0"]
[WhiteElo "2022"]
[BlackElo "1996"]
[TimeControl "180+2"]
[EndTime "12:11:52 PDT"]
[Termination "AndrewMcStone won by resignation"]

1. d4 Nf6 2. c4 c5 3. d5 b5 4.
cxb5 a6 5. f3 axb5 6. e4 Qa5+ 7.
Bd2 b4 8. Na3 d6 9. Nc4 Qd8 10.
a3 e6 11. dxe6 Bxe6 12. axb4 Rxa1 13. Qxa1 d5 14. Qa4+ Nbd7 15. Ne5 Bd6 16. Nc6 Qc8 17. e5 Nb6 18. Qb5 Bd7 19. Qxb6 Bxc6 20. exd6 O-O 21. Ba6 Qe6+ 22. Ne2 Qxd6 23. bxc5 Qe6 24. O-O Nd7 25.
Nd4 Nxb6 26. Nxe6 Na4 1-0

[Event "*** Titled Tuesday 3|2 Blitz"]
[Site "Chess.com"]
[Date "2016.10.04"]
[Round "6"]
[White "Mornar1951"]
[Black "maciek_92"]
[Result "0-1"]
[WhiteElo "2581"]
[BlackElo "2607"]
[TimeControl "180+2"]
[EndTime "12:12:01 PDT"]
[Termination "maciek_92 won by resignation"]

1. d4 Nf6 2. c4 e6 3. g3 d5 4. Bg2 Bb4+ 5. Nd2 O-O 6. Nf3 b6 7.
cxd5 exd5 8. O-O Bb7 9. Ne5 Nbd7 10. Ndf3 Bd6 11. Bg5 Be7 12. Rc1 c5 13. Qa4 Nxe5 14.
Nxe5 Ne4 15. Bxe7 Qxe7 16. Nd3 c4 17. Qb4 Qxb4 18. Nxb4 Nf6 19. a3 Rfe8 20. Rfe1 a5 21. Na2 b5 22. Nc3 Bc6 23. Nb1 b4 24. axb4 axb4 25. b3 c3 26. Nxc3 bxc3 27. Rxc3 Bd7 28. Rc5 Rxe2 0-1

[Event "*** Titled Tuesday 3|2 Blitz"]
[Site "Chess.com"]
[Date "2016.10.04"]
[Round "6"]
[White "keisyzrk"]
[Black "LornerAcosta"]
[Result "1-0"]
[WhiteElo "2282"]
[BlackElo "2323"]
[TimeControl "180+2"]
[EndTime "12:12:01 PDT"]
[Termination "keisyzrk won by resignation"]

1. d4 d5 2. c4 e6 3. Nc3 Nf6 4. cxd5 exd5 5. Bg5 Be7 6. e3 c6 7.
Bd3 Nbd7 8. Nge2 O-O 9. Qc2 Re8 10. O-O Nf8 11. Rad1 Be6 12. f3 Ng6 13. h3 Rc8 14.
e4 dxe4 15. fxe4 Nh5 16. Bc1 Bg5 17. d5 cxd5 18. exd5 Bd7 19. Bf5 Bxc1 20. Rxc1 Bxf5 21. Qxf5 Nf6 22. Kh1 a6 23. Rcd1 Qd6 24. Nf4 Nxf4 25. Rxf4 Rc7 26. Ne4 Nxe4 27. Rxe4 Rf8 28. Qe5 Qxe5 29.
Rxe5 Rd7 30. Kh2 Rfd8 31. d6 Kf8 32. Red5 Rc8 33. R1d2 Rc6 34. Kg3 f6 35. Kf4 Kf7 36. R5d4 Rc5 37. b4 Re5 38. Rc4 g5+ 39. Kf3 Re8 40.
Rc7 Rd8 41. Re2 Kg6 42. Re7 Rxd6 43. Rg7+ Kf5 44. g4+ Ke5 45. Rce7+ Re6 46. Rxe6+ Kxe6 47. Rxh7 Rd3+ 48. Ke4 Rxh3 49. Rxh3 1-0

[Event "*** Titled Tuesday 3|2 Blitz"]
[Site "Chess.com"]
[Date "2016.10.04"]
[Round "6"]
[White "NoWuss2"]
[Black "platy3"]
[Result "0-1"]
[WhiteElo "2096"]
[BlackElo "2727"]
[TimeControl "180+2"]
[EndTime "12:12:25 PDT"]
[Termination "platy3 won by resignation"]

1. Nf3 Nf6 2. c4 e6 3. e3 d5 4. b3 Be7 5. Be2 O-O 6. Bb2 b6 7. O-O Bb7 8. Qc2 Nbd7 9. d4 c5 10. Nbd2 Rc8 11. Rad1 cxd4 12. exd4 Ne4 13. a3 Bd6 14.
Bd3 Ndf6 15. Ne5 Qe7 16. Bxe4 Nxe4 17. Nxe4 dxe4 18. b4 Qh4 19. Qe2 f6 20. g3 Qh3 21.
Ng4 f5 22. Ne5 h5 23. c5 Bxe5 24. dxe5 Bd5 25. Rc1 f4 26. f3 fxg3 27. fxe4 Bxe4 28. Rxf8+ Rxf8 29. Rc3 0-1

[Event "*** Titled Tuesday 3|2 Blitz"]
[Site "Chess.com"]
[Date "2016.10.04"]
[Round "6"]
[White "Tarlev_Konstantin"]
[Black "OparinGrigoriy"]
[Result "0-1"]
[WhiteElo "2559"]
[BlackElo "2598"]
[TimeControl "180+2"]
[EndTime "12:12:43 PDT"]
[Termination "OparinGrigoriy won by resignation"]

1. d4 Nf6 2. Nf3 e6 3. Bf4 d5 4. e3 Bd6 5. Bg3 O-O 6. Nbd2 c5 7. c3 Nc6 8. Bb5 Be7 9. Bd3 Nh5 10. Ne5 g6 11. f4 Nxe5 12. dxe5 b5 13. Bf2 c4 14.
Be2 Ng7 15. O-O b4 16. e4 bxc3 17. bxc3 Bb7 18. exd5 Bxd5 19. Nxc4 Nf5 20. Ne3 Nxe3 21. Bxe3 Qc8 22. Bd4 Rd8 23. Qa4 Bc5 24. Bf3 Bxd4+ 25. cxd4 Qc3 26. Rad1 Qe3+ 27. Kh1 h5 28. Bxd5 Rxd5 29.
Qb3 Qe2 30. Rfe1 Qf2 31. Rf1 Qe2 32. Rfe1 Qa6 33. a3 Rad8 34. Qc3 Qa4 35. h3 Rxd4 36.
Rxd4 Rxd4 37. f5 gxf5 38. Qg3+ Kf8 39. Qg5 Rd1 40. Kh2 Rxe1 41. Qd8+ Qe8 0-1

[Event "*** Titled Tuesday 3|2 Blitz"]
[Site "Chess.com"]
[Date "2016.10.04"]
[Round "6"]
[White "josiwales"]
[Black "wannabe2700"]
[Result "1-0"]
[WhiteElo "2223"]
[BlackElo "2256"]
[TimeControl "180+2"]
[EndTime "12:12:43 PDT"]
[Termination "josiwales won by checkmate"]

1. e4 e6 2. d3 d5 3. Qe2 dxe4 4. dxe4 Nc6 5. Nf3 Nf6 6. c3 Bc5 7. Qc2 O-O 8. Bg5 h6 9. Bh4 g5 10. Bg3 Nh5 11. Nbd2 f5 12. exf5 exf5 13. Bc4+ Kh8 14. O-O-O f4 15. Qg6 Nf6 16. Qxh6+ Nh7 17. Ne4 Bd6 18.
Nfxg5 Bf5 19. Nxd6 Qxg5 20. Qxg5 Nxg5 21. Bxf4 Bg4 22.
Bxg5 Bxd1 23. Nf7+ Rxf7 24. Bxf7 Bg4 25. Re1 Kg7 26. Bd5 Kg6 27. Bf4 Rf8 28. g3 Rc8 29. f3 Bd7 30. h4 b6 31. g4 Rf8 32. h5+ Kh7 33. Re4 Kh8 34. g5 Bf5 35. Bxc6 Bxe4 36.
Be5+ Kg8 37. Bxe4 Re8 38. f4 Rd8 39. h6 Kf7 40. g6+ Ke6 41. h7 Kd7 42. g7 c6 43.
g8=Q Rxg8 44. hxg8=Q a5 45. Qf7+ Kd8 46. Qc7+ Ke8 47. Bg6+ Kf8 48. Bg7+ Kg8 49. Qe5 b5 50. f5 a4 51. f6 a3 52. bxa3 c5 53. f7# 1-0

[Event "*** Titled Tuesday 3|2 Blitz"]
[Site "Chess.com"]
[Date "2016.10.04"]
[Round "6"]
[White "Oleksandr_Bortnyk"]
[Black "Lukianoo"]
[Result "1-0"]
[WhiteElo "2744"]
[BlackElo "2729"]
[TimeControl "180+2"]
[EndTime "12:12:47 PDT"]
[Termination "Oleksandr_Bortnyk won by resignation"]

1. e4 c6 2. c4 d5 3. cxd5 cxd5 4.
exd5 Nf6 5. Qa4+ Nbd7 6. Nc3 g6 7. Bc4 Bg7 8. d3 O-O 9. Nf3 a6 10. Qa3 Nb6 11. Qb3 Qd6 12. O-O Nbd7 13. a4 Nc5 14.
Qa3 Bg4 15. Ne5 Qxe5 16. Qxc5 Rfc8 17. Qe3 Qd6 18. Re1 Bf5 19. h3 Rc7 20. Qf3 Nd7 21.
Bf4 Be5 22. Rxe5 Nxe5 23. Qg3 f6 24. Ba2 g5 25. d4 Qb4 26. d6+ Rc4 27. dxe5 Kh8 28.
Bxc4 Qxc4 29. Be3 1-0

[Event "*** Titled Tuesday 3|2 Blitz"]
[Site "Chess.com"]
[Date "2016.10.04"]
[Round "6"]
[White "GMNeiksans"]
[Black "GrigorGrigorov"]
[Result "1-0"]
[WhiteElo "2648"]
[BlackElo "2543"]
[TimeControl "180+2"]
[EndTime "12:12:48 PDT"]
[Termination "GMNeiksans won by resignation"]

1. e4 g6 2. d4 Bg7 3. Nc3 c6 4. f4 d5 5. e5 Nh6 6. Nf3 f6 7. Be3 Bg4 8. Be2 O-O 9. O-O e6 10.
h3 Nf5 11. Bf2 Bxf3 12. Bxf3 fxe5 13. fxe5 c5 14. dxc5 Nc6 15. Nb5 Nxe5 16. c3 Nxf3+ 17. Qxf3 Qd7 18. Qd3 a6 19. Nd4 e5 20. Nc2 e4 21. Qd2 Rad8 22. Rad1 Qe7 23. Qe2 Be5 24. Ne3 Bb8 25. Nxf5 Rxf5 26. Kh1 Qe5 27. Bg1 Rdf8 28. Rxf5 Rxf5 29. c4 Qe6 30. cxd5 Qe5 31. d6 Rf8 32. Qc4+ 1-0

[Event "*** Titled Tuesday 3|2 Blitz"]
[Site "Chess.com"]
[Date "2016.10.04"]
[Round "6"]
[White "Er_is_geen_hoop_meer"]
[Black "chessbia"]
[Result "1-0"]
[WhiteElo "2280"]
[BlackElo "2036"]
[TimeControl "180+2"]
[EndTime "12:12:55 PDT"]
[Termination "Er_is_geen_hoop_meer won by resignation"]

1. Nf3 d5 2. g3 Bg4 3. Bg2 e6 4. c4 c6 5. cxd5 Bxf3 6. Bxf3 cxd5 7. O-O Nf6 8. d4 Nc6 9. Nc3 Bd6 10. Na4 O-O 11.
Bg2 Rc8 12. e3 b5 13. Nc3 a6 14. Qe2 Na5 15. Rd1 Rc7 16. f3 Qe7 17. e4 dxe4 18. fxe4 Bb4 19. e5 Nd7 20. d5 Rxc3 21. bxc3 Bxc3 22. d6 Qd8 23. Bb2 Qb6+ 24. Kh1 Bb4 25. Bd4 Qb8 26. Rac1 Nc4 27. Be4 Bc5 28. Bxc5 Nxc5 29.
Rd4 Nd7 30. Bxh7+ Kxh7 31. Qh5+ Kg8 32. Rh4 Qb7+ 33. Kg1 Qb6+ 34. Kf1 Nd2+ 35. Ke2 f5 36. Qg6 Nxe5 37. Qh7+ Kf7 38. Rc7+ Ke8 39. Qxg7 Qxd6 40. Rc8+ 1-0

[Event "*** Titled Tuesday 3|2 Blitz"]
[Site "Chess.com"]
[Date "2016.10.04"]
[Round "6"]
[White "hypert"]
[Black "bugsbunny444"]
[Result "0-1"]
[WhiteElo "2285"]
[BlackElo "2338"]
[TimeControl "180+2"]
[EndTime "12:13:00 PDT"]
[Termination "bugsbunny444 won by resignation"]

1. e4 e6 2. d4 d5 3. Nc3 Nf6 4.
e5 Nfd7 5. f4 c5 6. Nf3 Nc6 7. Be3 cxd4 8. Nxd4 Bc5 9. Qd2 O-O 10.
O-O-O a6 11. Qf2 Qe7 12. Bd3 f6 13. exf6 Nxf6 14. Nxc6 Bxe3+ 15. Qxe3 bxc6 16. Rde1 Rb8 17. Rhg1 Qb4 18. Nd1 Ng4 19. Qh3 Qxf4+ 20. Kb1 Nf6 21.
Rgf1 Qh6 22. Qg3 Bd7 23. Qd6 Qd2 24. Rxf6 Qxe1 25. Rxf8+ Rxf8 26. Kc1 Be8 27. g4 Bg6 28. Bxa6 h6 29. h4 Rf2 30. Bd3 Qd2+ 0-1

[Event "*** Titled Tuesday 3|2 Blitz"]
[Site "Chess.com"]
[Date "2016.10.04"]
[Round "6"]
[White "RobertoJBM"]
[Black "jncool68"]
[Result "0-1"]
[WhiteElo "2481"]
[BlackElo "2465"]
[TimeControl "180+2"]
[EndTime "12:13:11 PDT"]
[Termination "jncool68 won on time"]

1. d4 Nf6 2. c4 e6 3. Nf3 Bb4+ 4. Nbd2 O-O 5. a3 Be7 6. e4 d6 7. Bd3 e5 8. dxe5 dxe5 9. Nxe5 Re8 10. Be2 Bc5 11.
Nd3 Bd4 12. Bf3 Nxe4 13. Nxe4 f5 14. Nb4 fxe4 15. Be2 Nc6 16. Nc2 Qf6 17. Nxd4 Nxd4 18. Be3 c5 19. O-O Be6 20. Bg4 Rad8 21. Bxe6+ Qxe6 22.
Bxd4 cxd4 23. Qa4 e3 24. fxe3 dxe3 25. Rae1 Qb6 26. Qc2 Rd2 27. Qf5 Rf2 28. Qd5+ Kh8 29. b4 Ref8 30. c5 Qa6 31. Qd1 Qc4 32. Qc1 Qe4 0-1

[Event "*** Titled Tuesday 3|2 Blitz"]
[Site "Chess.com"]
[Date "2016.10.04"]
[Round "6"]
[White "cassoulet"]
[Black "David_Klein"]
[Result "0-1"]
[WhiteElo "2299"]
[BlackElo "2397"]
[TimeControl "180+2"]
[EndTime "12:13:19 PDT"]
[Termination "David_Klein won by checkmate"]

1. e4 c5 2. Nf3 e6 3. d4 cxd4 4.
Nxd4 Nc6 5. Nc3 Qc7 6. Be3 a6 7. Bd3 Nf6 8. O-O Nxd4 9. Bxd4 Bc5 10. Bxc5 Qxc5 11. Kh1 d6 12. f4 e5 13. Qe1 Be6 14. Na4 Qd4 15. b3 b5 16. Nc3 Rc8 17. Ne2 Qc5 18. a4 O-O 19. axb5 axb5 20. Ra5 Rb8 21. fxe5 Qxe5 22. Nf4 Bd7 23. Ra7 Bc6 24. Ra5 Bxe4 25.
Bxe4 Nxe4 26. Nd3 Qd5 27. Nb4 Qb7 28. Qe3 Rfe8 29. Qd4 Qb6 30. Qxb6 Rxb6 31. Nd5 Rc6 32. Rc1 Rc5 33. Nb4 h6 34. h3 Rg5 35. Kh2 Nf6 36.
g4 h5 37. Rg1 hxg4 38. hxg4 Re2+ 39. Kh3 Rge5 40. Rg3 Ne4 41. Rf3 Ng5+ 42. Kg3 Nxf3 43. Kxf3 g5 44. Ra6 R5e3# 0-1

[Event "*** Titled Tuesday 3|2 Blitz"]
[Site "Chess.com"]
[Date "2016.10.04"]
[Round "6"]
[White "Paralinch"]
[Black "mwpchess"]
[Result "1-0"]
[WhiteElo "2589"]
[BlackElo "2463"]
[TimeControl "180+2"]
[EndTime "12:13:26 PDT"]
[Termination "Paralinch won on time"]

1. e4 c6 2. d4 d5 3. Nd2 dxe4 4. Nxe4 Bf5 5. Ng3 Bg6 6. h4 h6 7. Nf3 Nd7 8. h5 Bh7 9. Bd3 Bxd3 10. Qxd3 e6 11. Bd2 Ngf6 12. O-O-O Be7 13. Kb1 O-O 14. Ne4 Nxe4 15. Qxe4 Nf6 16. Qe2 Qd5 17. Ne5 Qe4 18. Qxe4 Nxe4 19. Be1 Rfd8 20. f3 Nf6 21. Bf2 Rac8 22. c4 a6 23. Kc2 b5 24. b3 Nd7 25. g4 Kf8 26. f4 Nxe5 27. dxe5 Rxd1 28. Rxd1 Rd8 29. Rxd8+ Bxd8 30. Kd3 Ke8 31. Be3 Be7 32. f5 Kd7 33. f6 gxf6 34. Bxh6 fxe5 35. Bg7 Bg5 36. h6 Bxh6 37. Bxh6 f5 38. g5 Ke7 39. Bg7 e4+ 40. Ke3 Kf7 41. Bd4 Kg6 42. Kf4 a5 43. cxb5 cxb5 44. a4 bxa4 45. bxa4 Kh5 46. Be3 Kg6 47.
Ke5 Kf7 48. Bd2 Ke7 49. g6 1-0

[Event "*** Titled Tuesday 3|2 Blitz"]
[Site "Chess.com"]
[Date "2016.10.04"]
[Round "6"]
[White "johnathan113"]
[Black "Sven_Tica"]
[Result "1-0"]
[WhiteElo "2315"]
[BlackElo "2374"]
[TimeControl "180+2"]
[EndTime "12:13:29 PDT"]
[Termination "johnathan113 won by resignation"]

1. d4 Nf6 2. Nc3 d5 3. Bf4 c6 4. Qd2 Bf5 5. f3 Nbd7 6. g4 Bg6 7. h4 h5 8. g5 Ng8 9. e4 e6 10.
Nge2 Bb4 11. a3 Ba5 12. Qe3 Ne7 13. Bh3 Bb6 14. O-O-O Bc7 15. exd5 cxd5 16. Nb5 Bxf4 17. Nxf4 O-O 18. Nxg6 Nxg6 19. f4 Ne7 20. Nd6 Qb6 21.
Nxf7 Kxf7 22. Rhe1 Nf5 23. Bxf5 Rae8 24. g6+ Kg8 25.
Bxe6+ Kh8 26. f5 Nf6 27. Rg1 Qd6 28. Rg5 Qh2 29. Qg3 Qxg3 30. Rxg3 Re7 31. b3 Rfe8 32. Rg5 b5 33. Kb2 a6 34. Re1 Rc7 35. Re5 Rd8 36. Rg2 Rc6 37. Rge2 Rcd6 38. Bf7 R6d7 39. Re7 Rxe7 40. Rxe7 Ng4 41. Bxd5 Ne3 42. Rxe3 1-0

[Event "*** Titled Tuesday 3|2 Blitz"]
[Site "Chess.com"]
[Date "2016.10.04"]
[Round "6"]
[White "filali-oujda"]
[Black "NTBT_DHS"]
[Result "0-1"]
[WhiteElo "2306"]
[BlackElo "2449"]
[TimeControl "180+2"]
[EndTime "12:13:39 PDT"]
[Termination "NTBT_DHS won on time"]

1. e4 g6 2. Nc3 Bg7 3. Nf3 a6 4.
a4 d6 5. Bc4 e6 6. O-O b6 7. d3 Bb7 8. Be3 Nd7 9. Qd2 h6 10. Rad1 Ne7 11. Bb3 g5 12. d4 Ng6 13.
d5 e5 14. Ne1 O-O 15. Ne2 Nf4 16. Ng3 Nf6 17. f3 Bc8 18. h3 h5 19. Nd3 Bh6 20. Nf2 Bd7 21. Nf5 Bxf5 22. exf5 h4 23. Ng4 Bg7 24.
Bxf4 exf4 25. c3 Re8 26. Rde1 Qd7 27. Bc2 Nh5 28. Rxe8+ Rxe8 29. Re1 Be5 30. Qe2 Bd4+ 31. cxd4 Rxe2 32. Rxe2 Kg7 33. Bd3 Qxa4 34. Re7 Qxd4+ 35. Nf2 Ng3 36. Rxc7 Qxb2 37. Bc2 Qc1+ 38. Nd1 Qd2 39. f6+ Kxf6 40. Rc4 Qe1+ 0-1

[Event "*** Titled Tuesday 3|2 Blitz"]
[Site "Chess.com"]
[Date "2016.10.04"]
[Round "6"]
[White "SCIM"]
[Black "pKiLz5Rn9b"]
[Result "0-1"]
[WhiteElo "2289"]
[BlackElo "2493"]
[TimeControl "180+2"]
[EndTime "12:13:42 PDT"]
[Termination "pKiLz5Rn9b won by resignation"]

1. d4 e6 2. c4 Nf6 3. Nc3 Bb4 4. e3 O-O 5. Bd3 Nc6 6. Nf3 Re8 7. O-O Bxc3 8. bxc3 d6 9. Nd2 e5 10. Re1 Bg4 11.
f3 Bh5 12. Ne4 Bg6 13. Nxf6+ Qxf6 14. Bb2 Bxd3 15. Qxd3 Rad8 16. Rad1 Qg6 17. e4 Rf8 18. d5 Nb8 19. c5 dxc5 20. c4 f6 21. Qa3 Na6 22. Bc3 Rd6 23. Rb1 Rb8 24. Rb5 Qe8 25.
Reb1 Qc8 26. Be1 b6 27. Qe3 Qb7 28. f4 exf4 29. Qxf4 Re8 30. Bc3 Rd7 31. e5 fxe5 32.
Bxe5 Nb4 33. Bc3 c6 34. dxc6 Qxc6 35. Bxb4 a6 36. Bc3 axb5 37. cxb5 Qd6 38. Qg4 Qd3 39.
Rf1 Rde7 40. Bb2 Qe3+ 41. Kh1 Qe2 42. Qxe2 Rxe2 43. Bc3 Rxa2 0-1

[Event "*** Titled Tuesday 3|2 Blitz"]
[Site "Chess.com"]
[Date "2016.10.04"]
[Round "6"]
[White "Lupul_Cenusiu"]
[Black "Gordima"]
[Result "0-1"]
[WhiteElo "2376"]
[BlackElo "2557"]
[TimeControl "180+2"]
[EndTime "12:14:03 PDT"]
[Termination "Gordima won by resignation"]

1. d4 Nf6 2. c4 g6 3. Nc3 d5 4.
Nf3 Bg7 5. e3 O-O 6. Qb3 e6 7.
Bd2 b6 8. Be2 Bb7 9. O-O dxc4 10. Bxc4 Nbd7 11. Rfd1 c5 12. Be1 Qe7 13. Be2 cxd4 14.
Nxd4 Nc5 15. Qa3 Rfd8 16. h3 Bf8 17. f3 e5 18. Nc2 e4 19. f4 Nd3 20. Qxe7 Bxe7 21.
Bxd3 exd3 22. Nd4 Ne4 23. Rxd3 f5 24. Nxe4 Bxe4 25. Rdd1 Rac8 26. Rac1 Kf7 27. Bc3 g5 28. fxg5 Bxg5 29. Kf2 f4 30. exf4 Bxf4 31. Ra1 Kg6 32.
Nf3 h5 33. Re1 Re8 34. Rad1 Ba8 35. Rxe8 Rxe8 36. Re1 Rxe1 37. Nxe1 Bd5 38. a3 Kf5 39. Nf3 Ke4 40. g3 Bc1 41. Nd4 Be3+ 42. Ke1 Bxd4 43.
Bxd4 Kxd4 44. Kd2 Ke4 45. Ke2 Be6 46. g4 h4 47. Kf2 Kf4 48. Kg2 Bd5+ 49. Kh2 a5 50. b4 a4 0-1

[Event "*** Titled Tuesday 3|2 Blitz"]
[Site "Chess.com"]
[Date "2016.10.04"]
[Round "6"]
[White "ka1ser64"]
[Black "MFBerna"]
[Result "0-1"]
[WhiteElo "2319"]
[BlackElo "2152"]
[TimeControl "180+2"]
[EndTime "12:14:08 PDT"]
[Termination "MFBerna won on time"]

1. d4 d5 2. c4 e6 3. Nf3 Be7 4.
Nc3 Nf6 5. Bf4 O-O 6. e3 Nbd7 7. c5 Nh5 8. Be5 f6 9. Bg3 b6 10. b4 a5 11. a3 c6 12. b5 Nxg3 13. hxg3 bxc5 14.
bxc6 Nb8 15. Bb5 Ba6 16. a4 cxd4 17. Nxd4 Bb4 18. Qc2 Qd6 19. Qxh7+ Kf7 20. Qd3 Qc5 21. Rc1 e5 22. Nb3 Qd6 23. O-O Bxc3 24. Rxc3 Nxc6 25. Rfc1 Ne7 26. Rc7 Bxb5 27. axb5 Rfc8 28. Rxc8 Rxc8 29.
Rxc8 Nxc8 30. Nxa5 Nb6 31. Nc6 Qc5 32. Kh2 e4 33. Qb3 Nc4 34. Nd4 Nb6 0-1

[Event "*** Titled Tuesday 3|2 Blitz"]
[Site "Chess.com"]
[Date "2016.10.04"]
[Round "6"]
[White "Rating-Schmating"]
[Black "HovmoellerHest"]
[Result "0-1"]
[WhiteElo "2203"]
[BlackElo "2302"]
[TimeControl "180+2"]
[EndTime "12:14:20 PDT"]
[Termination "HovmoellerHest won by checkmate"]

1. e4 c5 2. Nf3 d6 3. d4 cxd4 4.
Nxd4 Nf6 5. Nc3 a6 6. h3 e5 7. Nde2 Be7 8. g4 h6 9. Bg2 b5 10. Be3 Bb7 11. Ng3 g6 12. Qd2 h5 13. g5 Nfd7 14. h4 Nb6 15. b3 N8d7 16. Nd5 Nxd5 17. exd5 O-O 18. O-O f5 19. gxf6 Bxf6 20. Bg5 Bxg5 21.
hxg5 Rf4 22. Ne4 Qe7 23. Rae1 Raf8 24. Re3 Kg7 25. Rg3 Nb6 26. Nf6 Rd4 27. Qe2 Bxd5 28. c3 Bxg2 29. cxd4 Bxf1 30. Kxf1 Nd7 31. Nxd7 Qxd7 32.
dxe5 Re8 33. Re3 dxe5 34. Rxe5 Rxe5 35. Qxe5+ Kh7 36. Qe3 Qd1+ 37. Kg2 Qg4+ 38. Kf1 Qd1+ 39. Kg2 Qg4+ 40. Kh2 Qh4+ 41. Kg1 Qg4+ 42. Kh2 Qh4+ 43. Kg2 Qg4+ 44. Qg3 Qxg3+ 45. fxg3 Kg7 46. Kf3 Kf7 47. Kf4 Ke6 48. Ke4 b4 49. Kd4 Kf5 50. Kc4 Kg4 51.
Kxb4 Kxg3 52. Ka5 h4 53. Kxa6 h3 54. b4 h2 55. b5 h1=Q 56. a4 Qa8+ 57. Kb6 Qxa4 58.
Kc7 Qc4+ 59. Kd6 Qxb5 60. Ke6 Qxg5 61. Kf7 Qf5+ 62. Kg7 Kf3 63. Kh6 g5 64. Kh5 g4+ 65. Kh6 Qf6+ 66. Kh5 Qh8+ 67. Kg5 g3 68. Kf5 g2 69.
Ke6 g1=Q 70. Kf5 Qh5+ 71. Ke6 Qgg6+ 72. Ke7 Qhh7+ 73. Kf8 Qgg8# 0-1

[Event "*** Titled Tuesday 3|2 Blitz"]
[Site "Chess.com"]
[Date "2016.10.04"]
[Round "6"]
[White "AdrianaNikolova"]
[Black "FearNoEvil12"]
[Result "1-0"]
[WhiteElo "2252"]
[BlackElo "2056"]
[TimeControl "180+2"]
[EndTime "12:14:21 PDT"]
[Termination "AdrianaNikolova won by resignation"]

1. e4 a6 2. d4 b5 3. a4 b4 4. a5 Bb7 5. Bd3 Nf6 6. Qe2 e6 7. Nf3 d6 8. O-O Nbd7 9. Bg5 h6 10.
Bh4 g5 11. Bg3 Rg8 12. e5 Nd5 13. c4 bxc3 14. Nxc3 h5 15. Nxd5 Bxd5 16. h4 gxh4 17. Bf4 h3 18. g3 h4 19. Kh2 hxg3+ 20. fxg3 Rb8 21. Bxa6 Rb3 22. Bb5 Qa8 23. Ne1 Bh6 24. Ba4 Bxf4 25. Bxb3 Bxg3+ 26. Kxh3 Bxb3 27. Qf3 Qxf3 28. Rxf3 Bxe1 29. Rxb3 Bd2 30. a6 Ke7 31. a7 Ra8 32. Rb7 Be3 33. Rxc7 Bxd4 34. exd6+ Kxd6 35. Rb7 e5 36. Ra6+ Ke7 37. Ra5 Ke6 38. Ra6+ Ke7 39. Kg4 Kd8 40. Rd6 Ke7 41. Rbxd7+ Kf8 42. Rd8+ Ke7 43.
Rxa8 Kxd6 44. Rd8+ 1-0

[Event "*** Titled Tuesday 3|2 Blitz"]
[Site "Chess.com"]
[Date "2016.10.04"]
[Round "6"]
[White "Schemato"]
[Black "annakantane"]
[Result "1-0"]
[WhiteElo "2317"]
[BlackElo "2198"]
[TimeControl "180+2"]
[EndTime "12:14:26 PDT"]
[Termination "Schemato won by checkmate"]

1. c4 e5 2. g3 Nc6 3. Nc3 Bc5 4.
Bg2 a6 5. e3 Ba7 6. Nge2 d6 7.
h3 Nge7 8. d4 exd4 9. exd4 Nf5 10. d5 Ne5 11. b3 O-O 12. O-O Bd7 13. Bb2 b5 14. cxb5 axb5 15. Ne4 Bb6 16. Nd4 Nxd4 17. Bxd4 Qb8 18. Kh2 Re8 19. f4 Bxd4 20. Qxd4 c5 21. dxc6 Nxc6 22. Qd2 Rd8 23. Rfd1 Ra6 24. Qc2 Be6 25.
Ng5 Nb4 26. Qxh7+ Kf8 27. Qh8+ Ke7 28. Qxg7 Rg8 29. Qc3 Nxa2 30. Qd2 Qa7 31. Re1 Nb4 32. Rxa6 Nxa6 33. f5 Qc7 34. fxe6 f6 35. Nf3 Nc5 36.
Nd4 d5 37. Nf5+ Ke8 38. Qxd5 Rg5 39. e7 Nxb3 40. Qxb5+ Kf7 41. e8=Q# 1-0

[Event "*** Titled Tuesday 3|2 Blitz"]
[Site "Chess.com"]
[Date "2016.10.04"]
[Round "6"]
[White "Scott-fox21"]
[Black "Lali-Rustavi"]
[Result "1-0"]
[WhiteElo "2158"]
[BlackElo "1839"]
[TimeControl "180+2"]
[EndTime "12:14:27 PDT"]
[Termination "Scott-fox21 won by checkmate"]

1. d4 Nf6 2. c4 g6 3. Nc3 Bg7 4.
e4 d6 5. h3 O-O 6. Bg5 Nbd7 7.
Bd3 Re8 8. Nf3 e5 9. d5 h6 10. Be3 a5 11. Qd2 Kh7 12. g4 Ng8 13.
O-O-O Nc5 14. Bc2 Bd7 15. Rdg1 a4 16. a3 Nb3+ 17. Bxb3 axb3 18. Qd1 f5 19. gxf5 gxf5 20.
exf5 Bxf5 21. Qxb3 b6 22. Rg3 Qf6 23. Rhg1 Re7 24. Ng5+ Kh8 25. Nge4 Qh4 26. f3 Bh7 27. Qc2 Rf7 28. Qg2 Qe7 29. Rg4 Raf8 30. Rg3 Bf6 31. Nxf6 Qxf6 32. Ne4 Qf5 33. Rg7 Qxf3 34. Rxf7 Rxf7 35.
Qxf3 Rxf3 36. Kd2 Bxe4 37. Rg4 Bh7 38. b4 Rxh3 39. c5 Rh2+ 40. Kc3 Rc2+ 41. Kb3 bxc5 42. bxc5 Re2 43. Bg1 Re1 44. cxd6 cxd6 45. a4 Ra1 46. Kb4 Nf6 47. Rg2 Nxd5+ 48. Kb5 Nc3+ 49. Kc6 Nxa4 50. Kxd6 e4 51. Bd4# 1-0

[Event "*** Titled Tuesday 3|2 Blitz"]
[Site "Chess.com"]
[Date "2016.10.04"]
[Round "6"]
[White "ZapataCharlesS"]
[Black "VSERGUEI"]
[Result "1/2-1/2"]
[WhiteElo "2597"]
[BlackElo "2550"]
[TimeControl "180+2"]
[EndTime "12:14:29 PDT"]
[Termination "Game drawn by repetition"]

1. e4 e6 2. Nf3 d5 3. exd5 exd5 4.
d4 Nc6 5. Bd3 Nb4 6. Be2 Bf5 7.
Na3 Nc6 8. Nb1 Bd6 9. O-O Nge7 10. c4 dxc4 11. Bxc4 O-O 12. Nc3 Ng6 13. Be3 a6 14. a3 b5 15. Bd3 Bxd3 16. Qxd3 Na5 17. Rad1 Nc4 18. Bc1 Re8 19. g3 Qd7 20. Rfe1 h6 21.
Rxe8+ Rxe8 22. Kg2 c6 23. h3 a5 24. Ne4 a4 25. d5 c5 26. Re1 Bf8 27. Bd2 Nxb2 28. Qe2 Rd8 29. Bc3 Nc4 30. Bf6 Rc8 31. Ba1 Qxd5 32.
Nc3 Qc6 33. Nxa4 Nxa3 34. Nc3 b4 35. Ne4 c4 36. Nd4 Qb7 37. Qf3 Qa8 38. h4 Ne5 39.
Qf5 Nd3 40. Re3 b3 41. Rf3 Qb7 42. Nxb3 cxb3 43. Nf6+ gxf6 44. Qg4+ Kh7 45. Qf5+ Kg8 46. Qg4+ Kh7 47. Qf5+ Kg8 48. Qg4+ 1/2-1/2

[Event "*** Titled Tuesday 3|2 Blitz"]
[Site "Chess.com"]
[Date "2016.10.04"]
[Round "6"]
[White "GeorgMeier"]
[Black "nihalsarin"]
[Result "1/2-1/2"]
[WhiteElo "2707"]
[BlackElo "2484"]
[TimeControl "180+2"]
[EndTime "12:14:31 PDT"]
[Termination "Game drawn by agreement"]

1. Nf3 c5 2. g3 Nc6 3. Bg2 g6 4. c3 Bg7 5. d4 cxd4 6. cxd4 d5 7. Nc3 Nf6 8. Ne5 O-O 9. O-O Bf5 10. Bg5 Nxe5 11.
dxe5 Ne4 12. Nxe4 Bxe4 13. Bxe4 dxe4 14. Qa4 Bxe5 15. Rfd1 Qb6 16. Qxe4 Bf6 17. Bxf6 exf6 18. Qd4 Qe6 19. Rd2 a6 20. b3 Rfe8 21. Rad1 Rac8 22.
Qf4 Kg7 23. e3 Re7 24. h4 h5 25. Rd6 Qe5 26. Qxe5 fxe5 27. Rb6 Rcc7 28. Rd2 Red7 29. Rxd7 Rxd7 30. Kf1 Kf8 31. Ke2 Ke7 32. e4 Kd8 33. Ke3 Kc7 34. Rf6 Kd8 35. a4 Ke7 36. Rb6 f6 37. a5 Kf7 38. b4 Ke7 39. f4 Kf7 40. Ke2 Kg7 41. Kf3 Kf7 42. Ke3 Rc7 43. b5 axb5 44.
Rxb5 Ke6 45. Rb6+ Kf7 46. Kd3 Kg7 47. fxe5 fxe5 48. Re6 Rc5 1/2-1/2